[Event "Deloitte NK 2021 Vrouwen"]
[Site "Hoogeveen, Netherlands"]
[Date "2021.10.20"]
[Round "4.1"]
[White "Van Foreest, Machteld"]
[Black "Lanchava, Tea"]
[Result "0-1"]
[TimeControl "90min/40moves + 30min + 30sec/move"]
[WhiteElo "2132"]
[BlackElo "2214"]

1. e4 g6 2. d4 Bg7 3. Nc3 a6 4. Nf3 b5 5. a3 d6 6. Be3 Bb7 7. Qd3 Nd7 8. Be2 Rc8 9. O-O c5 10.
Rfe1 c4 11. Qd2 e6 12. Rad1 Ne7 13. Bf4 Qb6 14. e5 d5 15. Bg5 h6 16. Bxe7 Kxe7 17. h4 Kd8 18. Ra1 Bf8 19. Qf4 Rh7 20.
a4 b4 21. a5 Qc7 22. Nd1 Be7 23. Qg3 Nb8 24. Ne3 Kd7 25. Rad1 Qxa5 26. Qg4 Ke8 27. h5 g5 28. Kh1 Nd7 29.
Nh2 Qb6 30. c3 f5 31. exf6 Nxf6 32. Qh3 Ne4 33. Neg4 bxc3 34. bxc3 Qa5 35. f3 Nxc3 36. Ra1 Qb6 37. Bf1 Nb5 38.
Nf6+ Kf7 39. Nxh7 Rh8 40. Ng4 Rxh7 41. Ne5+ Ke8 42. Ng6 Bc8 43. Rab1 Bf6 44. Qf5 Be7 45. Nxe7 Rxe7 46. Qg6+ Kd7 47.
Qxh6 Qxd4 48. Qxg5 Nd6 49. Rbd1 Qf2 50. Bxc4 Bb7 51. Bd3 Nf7 52. Qf6 Nd6 53. h6 Ne8 54. Qg5 Bc6 55. Re2 Qd4 56. h7 Rxh7+ 57. Bxh7 Qxd1+ 58. Kh2 Qxe2 59. Bg6 Qb2 60.
Qh6 Qe5+ 61. f4 Qd6 62. Qh8 Qxf4+ 63. Kh3 Nc7 0-1

[Event "Deloitte NK 2021 Vrouwen"]
[Site "Hoogeveen, Netherlands"]
[Date "2021.10.20"]
[Round "4.2"]
[White "Keetman, Maaike"]
[Black "Peng, Zhaoqin"]
[Result "1-0"]
[TimeControl "90min/40moves + 30min + 30sec/move"]
[WhiteElo "2136"]
[BlackElo "2359"]

1. e4 c6 2. Nc3 d5 3. Nf3 Nf6 4. e5 Ne4 5. Ne2 Qb6 6. d4 e6 7. Ng3 c5 8. Bd3 cxd4 9. Nxe4 dxe4 10.
Bxe4 Bb4+ 11. Bd2 Bc5 12. O-O a5 13. Ng5 Qc7 14. f4 g6 15. Bf3 Bd7 16. Ne4 Bb5 17. Nf6+ Kf8 18. Re1 Nd7 19.
f5 h6 20. fxe6 fxe6 21. Be4 Nxe5 22. Bf4 Bd6 23. a4 Kg7 24. axb5 Kxf6 25. Bxe5+ Bxe5 26. Rf1+ Ke7 27. Bxg6 Raf8 28.
Qh5 Bf4 29. Kh1 Qe5 30. Qf3 Qc7 31. Qa3+ Bd6 32. Qh3 Qc5 33. Rae1 Qe5 34. Qh4+ Kd7 35. Rf7+ Rxf7 36. Bxf7 Qf4 37.
Bxe6+ Kc7 38. Qxf4 Bxf4 39. g3 Be3 40. Rf1 Kd6 41. Bc4 Kc5 42. Bd3 a4 43. Rf5+ Kb6 44. Rf6+ Kc5 45. Rf5+ Kb6 46.
Rf1 Kc5 47. Kg2 Rd8 48. h4 b6 49. g4 Rg8 50. Kg3 Rg7 51. Rf8 Rc7 52. g5 hxg5 53. hxg5 Rg7 54. g6 Bc1 55. Rc8+ Kb4 56.
Rc4+ Kxb5 57. Rc7+ 1-0

[Event "Deloitte NK 2021 Vrouwen"]
[Site "Hoogeveen, Netherlands"]
[Date "2021.10.20"]
[Round "4.3"]
[White "Roebers, Eline"]
[Black "Haast, Anne"]
[Result "0-1"]
[TimeControl "90min/40moves + 30min + 30sec/move"]
[WhiteElo "2297"]
[BlackElo "2318"]

1. e4 c5 2. Nf3 e6 3. d4 cxd4 4. Nxd4 Nc6 5. Nc3 a6 6. Bf4 d6 7. Bg3 Nxd4 8. Qxd4 e5 9. Qe3 h5 10.
O-O-O Qa5 11. f3 Be6 12. Kb1 Rc8 13. Nd5 Qa4 14. b3 Qc6 15. c4 Ne7 16. f4 h4 17. Bf2 exf4 18. Nxf4 Ng6 19.
Nxg6 fxg6 20. Bd3 Be7 21. e5 O-O 22. exd6 Qxd6 23. Rhe1 Bg4 24. Rd2 Qb4 25. Kc2 Bc5 26. Qg5 Rxf2 27.
Rxf2 Qxe1 28. Rf1 Qe6 0-1

[Event "Deloitte NK 2021 Vrouwen"]
[Site "Hoogeveen, Netherlands"]
[Date "2021.10.20"]
[Round "4.4"]
[White "Ratsma, Rosa"]
[Black "Kazarian, Anna-Maja"]
[Result "1/2-1/2"]
[TimeControl "90min/40moves + 30min + 30sec/move"]
[WhiteElo "2306"]
[BlackElo "2125"]

1. e4 c5 2. Nf3 e6 3. d4 cxd4 4. Nxd4 Nf6 5. Nc3 Nc6 6. Bf4 Bc5 7. Ndb5 O-O 8. Bc7 Qe7 9. Bd6 Bxd6 10.
Qxd6 Qd8 11. Qd2 a6 12. Nd6 b5 13. a3 Qc7 14. Be2 Bb7 15. O-O Ne8 16. Nxb7 Qxb7 17. f4 d6 18. Kh1 Rd8 19.
Rad1 Nf6 20. Bd3 Qb6 21. Qe1 Qc5 22. Qg3 e5 23. Nd5 Nh5 24. Qh4 Nxf4 25. b4 Qa7 26. Nxf4 exf4 27. e5 g6 28.
exd6 Rxd6 29. Qxf4 Rfd8 30. Rde1 Nd4 31. Qh6 Ne6 32. Rf3 Qd4 33. Rfe3 Qf6 34. Rf3 Qd4 35. Ref1 R6d7 36. Rf6 Qe5 37.
Qh3 Kg7 38. Qf3 Ng5 39. Qf2 Rf8 40. Rxa6 Ne6 41. h3 Rb8 42. Re1 Qg5 43. Rf1 h5 44. Ra5 Rbb7 45. a4 Rd5 46. axb5 Rd4 47.
b6 Qe7 48. Re5 Rxb4 49. Bxg6 fxg6 50. Rxe6 Qxe6 51. Qf8+ Kh7 52. Qxb4 Rxb6 53. Qf8 Rb7 54. Qf4 Qc6 55. c4 Rc7 56.
Rd1 Re7 57. Rd8 Qe4 58. Qxe4 Rxe4 59. Rd7+ Kh6 60. c5 Re1+ 61. Kh2 h4 62. c6 Rc1 63. Rc7 g5 64. Rc8 Kg7 65. g4 hxg3+ 66. Kxg3 Rc3+ 67. Kg4 Kg6 68. c7 Rc4+ 69. Kf3 Kg7 70. Ke3 Rc1 71. Ke4 Rc2 72. Kf5 Rc5+ 73. Kg4 Kh7 74. Kf3 Kg7 75.
Ke4 Rc1 76. Kd5 Rd1+ 77. Ke6 Rc1 78. Ke5 Rc2 79. Kf5 Rc5+ 80. Kg4 Kh7 81. Kh5 Kg7 82. Ra8 Rxc7 83. Ra5 Kh7 84. Rxg5 Rg7 85.
Ra5 Rb7 86. h4 Rc7 87. Kg5 Rb7 88. h5 Rc7 89. h6 Rb7 90. Ra8 Rb5+ 91. Kf6 Rb6+ 92. Kf7 Kxh6 1/2-1/2